 Dungeon Crawl Stone Soup version 0.24.0-123-gd5b16e6ec5 (webtiles) character file.

Game seed: 9786104986144130346, levelgen mode: deterministic

10033 Iamsoldier the Fighter (level 11, -1/74 HPs)
             Began as a Gargoyle Fighter on Dec 20, 2019.
             Was the Champion of Okawaru.
             Slain by a 14-headed hydra (4 damage)
             ... on level 10 of the Dungeon.
             The game lasted 00:16:11 (8548 turns).

Iamsoldier the Fighter (Gargoyle Fighter)           Turns: 8548, Time: 00:16:12

Health: -1/74      AC: 26    Str: 23    XL:     11   Next: 55%
Magic:  13/13      EV:  5    Int: 10    God:    Okawaru [******]
Gold:   423        SH: 11    Dex:  9    Spells: 10/10 levels left

rFire    + + .     SeeInvis .   n - +10 war axe of Fear {speed, rF++ Str-4}
rCold    . . .     Gourm    .   c - +0 shield
rNeg     + . .     Faith    .   C - +0 plate armour
rPois    ∞         Spirit   .   A - +0 helmet
rElec    +         Reflect  .   t - +0 cloak
rCorr    +         Harm     .   (no gloves)
MR       .....                  K - +0 pair of boots {Stlth+}
Stlth    ..........             w - amulet of rage
HPRegen  0.22/turn              s - ring of resist corrosion
MPRegen  0.13/turn              y - +5 ring of strength

@: no status effects
A: negative energy resistance 1, electricity resistance, unbreathing,
petrification resistance, rot immunity, AC +8
a: Heroism, Finesse, Renounce Religion, Evoke Berserk Rage


You were on level 10 of the Dungeon.
You worshipped Okawaru.
Okawaru was exalted by your worship.
You were hungry.

You visited 1 branch of the dungeon, and saw 11 of its levels.
You also visited: Sewer.

You collected 663 gold pieces.
You spent 240 gold pieces at shops.

Inventory:

Hand Weapons
 a - the +8 spear of Ogoan {drain, Str+9 Int-2}
   (You found it on level 4 of the Dungeon)

   A truly terrible weapon, it drains the life of those it strikes.
   It affects your strength (+9).
   It affects your intelligence (-2).
 n - the +10 war axe of Fear (weapon) {speed, rF++ Str-4}
   (You found it in a sewer)

   Attacks with this weapon are significantly faster.
   It affects your strength (-4).
   It greatly protects you from fire.
Armour
 c - a +0 shield (worn)
 t - a +0 cloak (worn)
 A - a +0 helmet (worn)
 C - a +0 plate armour (worn)
 K - a +0 pair of boots of stealth (worn)
Jewellery
 s - a ring of resist corrosion (left hand)
 w - an amulet of rage (around neck)
 y - a +5 ring of strength (right hand)
Wands
 u - a wand of enslavement (4)
 B - a wand of flame (23)
 G - a wand of acid (4)
 H - a wand of random effects (18)
 I - a wand of polymorph (9)
Scrolls
 b - 3 scrolls of amnesia
 e - 4 scrolls of teleportation
 h - 10 scrolls of remove curse
 l - 3 scrolls of enchant weapon
 m - a scroll of holy word {unknown}
 r - 5 scrolls of identify
 v - 2 scrolls of blinking {unknown}
 z - 2 scrolls of random uselessness {unknown}
 F - a scroll of fog {unknown}
Potions
 d - a potion of might
 g - a potion of berserk rage {unknown}
 i - 2 potions of ambrosia {unknown}
 j - 2 potions of mutation {unknown}
 o - 6 potions of lignification
 p - 3 potions of curing
 q - 4 potions of heal wounds
 D - a potion of brilliance {unknown}
 E - a potion of haste {unknown}
 J - a potion of resistance {unknown}
Comestibles
 f - 28 rations
 x - 16 chunks of flesh


   Skills:
 + Level 11.0 Fighting
 * Level 8.9(9.2) Axes
   Level 4.0(7.4) Maces & Flails
 + Level 8.7 Armour
 + Level 8.7 Shields
 + Level 3.5 Invocations


You had 10 spell levels left.
You didn't know any spells.
Your spell library contained the following spells:

 Spells                   Type           Power        Failure   Level  Hunger
 Cause Fear               Hex            #.........   100%        4    #####..
 Silence                  Hex/Air        #.........   100%        5    ######.
 Yara's Violent Unravell  Hex/Tmut       #.........   100%        5    ######.
 Deflect Missiles         Chrm/Air       #.........   100%        6    #######
 Discord                  Hex            #.........   100%        8    #######


Dungeon Overview and Level Annotations

Branches:
Dungeon (11/15)            Temple (0/1) D:7            Lair (0/6) D:8
    Orc (0/2) D:9           Sewer (visited)

Altars:
Cheibriados
Dithmenos
Fedhas
Gozag
Hepliaklqana
Nemelex Xobeh
Okawaru
Qazlal
Ru
Sif Muna
Uskayaw
Vehumet
Wu Jian
Yredelemnul
The Shining One

Shops:
D:5 !%(   D:9 :


Innate Abilities, Weirdness & Mutations

You are resistant to torment.
Your stone body is resilient. (AC +8)
You are immune to poison.
You resist negative energy. (rN+)
You are resistant to electric shocks. (rElec)
You can survive without breathing.
You are immune to petrification.
You are immune to rotting.


Message History

Press: ? - help, Shift-Dir - straight line, f - 14-headed hydra
Aim: a 14-headed hydra The fireball explodes!
The fireball engulfs the 14-headed hydra!
The 14-headed hydra is lightly wounded.
You block the 14-headed hydra's attack. The 14-headed hydra barely misses you.
You block the 14-headed hydra's attack.
The 14-headed hydra bites you but does no damage. x4
The 14-headed hydra barely misses you. You block the 14-headed hydra's attack.
The 14-headed hydra bites you.
* * * LOW HITPOINT WARNING * * *
The 14-headed hydra bites you but does no damage. x2
The 14-headed hydra bites you.
* * * LOW HITPOINT WARNING * * *
The 14-headed hydra bites you.
* * * LOW HITPOINT WARNING * * *
As you read the scroll labeled ETAYQE RONKOLI, it crumbles to dust.
You feel momentarily disoriented.
It was a scroll of magic mapping.
You block the 14-headed hydra's attack. x2; The 14-headed hydra bites you.
You die...

.............#...#.#........#....
........######...#.##+#'#####....
........#........#.......[...(...
........#........#.........####..
........'........#.........#..#..
........#........#.........#..##+
#########........########+##.....
................D................
####............@......>.........
#.........>..........#####....
#....................#...####.
#....#####...........#......#.
#....#...#...........#......#.
#....#...#...........##....##.
####....#...#.########...#....#..
........#...#.# #...#....#..
........#...#.# #...#'####..


You could see a 14-headed hydra.

Vanquished Creatures
  Erolcha (D:9)
  3 death yaks (D:8)
  An ugly thing (D:11)
  Joseph (D:7)
  A centaur skeleton (D:10)
  2 trolls
  Sigmund (D:4)
  A wyvern (D:11)
  3 yaks (D:9)
  2 hungry ghosts
  Duvessa (D:5)
  A soldier ant (D:11)
  3 porcupines (D:8)
  6 orc warriors
  Purgy (Sewer)
  A hornet zombie (D:8)
  3 black bears
  An ice beast (D:10)
  7 ogres
  2 phantoms
  8 centaurs
  4 bullfrogs
  3 scorpions
  3 jellies
  Dowan (D:5)
  5 wights
  2 crimson imps
  A bullfrog zombie (D:5)
  5 hounds
  2 orc priests
  Crazy Yiuf (D:3)
  Jessica (D:2)
  A bullfrog skeleton (D:8)
  4 iguanas
  11 orc wizards
  A hell rat (D:8)
  8 worker ants
  A hound zombie (D:7)
  A hound skeleton (D:9)
  4 gnolls (D:5)
  10 adders
  2 river rats (D:8)
  A shadow imp (D:8)
  3 adder zombies
  3 adder skeletons
  4 worms
  2 dart slugs (D:1)
  6 leopard geckos
  39 orcs
  10 bats
  6 giant cockroaches
  7 goblins
  5 hobgoblins
  8 jackals
  6 quokkas
  5 frilled lizards
  A jackal skeleton (D:4)
  A jackal zombie (D:8)
  9 kobolds
  2 leopard gecko skeletons
  A quokka skeleton (D:2)
  13 rats
253 creatures vanquished.

Notes
Turn   | Place    | Note
-------+----------+-------------------------------------------
     0 | D:1      | Iamsoldier the Gargoyle Fighter began the quest for the
                  | Orb.
     0 | D:1      | Reached XP level 1. HP: 14/14 MP: 1/1
   134 | D:1      | Reached XP level 2. HP: 17/19 MP: 2/2
   332 | D:1      | Reached XP level 3. HP: 24/24 MP: 3/3
   827 | D:2      | Found a sacrificial altar of Ru.
   839 | D:2      | Reached skill level 4 in Fighting
   839 | D:2      | Reached XP level 4. HP: 23/29 MP: 4/4
   888 | D:2      | Found an opulent altar of Gozag.
  1068 | D:2      | Noticed Jessica
  1077 | D:2      | Found a hazy altar of Hepliaklqana.
  1087 | D:2      | Killed Jessica
  1238 | D:2      | Reached XP level 5. HP: 34/34 MP: 5/5
  1576 | D:3      | Found an ornate altar of the Wu Jian Council.
  1648 | D:3      | Found a runed translucent door.
  1649 | D:3      | Noticed Crazy Yiuf
  1836 | D:3      | Found a glowing drain.
  1840 | Sewer    | Entered a sewer
  1900 | Sewer    | Noticed Purgy
  1917 | Sewer    | Killed Purgy
  1917 | Sewer    | Reached skill level 5 in Fighting
  1917 | Sewer    | Reached XP level 6. HP: 15/40 MP: 6/6
  2130 | Sewer    | Identified the +10 war axe of Fear {speed, rF++ Str-4} (You
                  | found it in a sewer)
  2521 | D:3      | Found a glowing golden altar of the Shining One.
  2669 | D:3      | Killed Crazy Yiuf
  2768 | D:4      | Noticed Sigmund
  2774 | D:4      | Killed Sigmund
  2774 | D:4      | Reached skill level 1 in Axes
  2774 | D:4      | Reached XP level 7. HP: 44/44 MP: 7/7
  2790 | D:4      | Got an encrusted spear
  2790 | D:4      | Identified the +8 spear of Ogoan {drain, Str+9 Int-2} (You
                  | found it on level 4 of the Dungeon)
  2863 | D:4      | Found an iron altar of Okawaru.
  2874 | D:4      | Became a worshipper of Warmaster Okawaru
  2881 | D:4      | Reached skill level 6 in Fighting
  3270 | D:4      | Found a snail-covered altar of Cheibriados.
  3324 | D:4      | Reached skill level 5 in Armour
  3324 | D:4      | Reached skill level 5 in Shields
  3504 | D:5      | Entered Level 5 of the Dungeon
  3525 | D:5      | Found Bexu's Weapon Shop.
  3550 | D:5      | Found Wuulast's Distillery.
  3553 | D:5      | Bought 2 potions of lignification for 72 gold pieces
  3553 | D:5      | Bought a potion of might for 48 gold pieces
  3553 | D:5      | Bought a potion of curing for 36 gold pieces
  3553 | D:5      | Bought a potion of agility for 48 gold pieces
  3601 | D:5      | Reached XP level 8. HP: 40/52 MP: 8/8
  3780 | D:5      | Reached skill level 7 in Fighting
  3885 | D:5      | Found Yroruikh's Food Emporium.
  3953 | D:5      | Noticed Duvessa
  3954 | D:5      | Noticed Dowan
  3956 | D:5      | Reached * piety under Okawaru
  3959 | D:5      | Killed Dowan
  3968 | D:5      | Killed Duvessa
  4029 | D:5      | Found a stormy altar of Qazlal.
  4434 | D:5      | Bought a potion of flight for 36 gold pieces
  4696 | D:6      | Reached XP level 9. HP: 57/59 MP: 9/9
  4753 | D:6      | Found a radiant altar of Vehumet.
  4977 | D:7      | Reached skill level 8 in Fighting
  5004 | D:7      | Reached skill level 5 in Axes
  5038 | D:7      | Noticed Joseph
  5045 | D:7      | Reached ** piety under Okawaru
  5065 | D:7      | Killed Joseph
  5571 | D:7      | Found a staircase to the Ecumenical Temple.
  5618 | D:7      | Found a blossoming altar of Fedhas.
  5677 | D:7      | Found a shimmering blue altar of Sif Muna.
  5758 | D:8      | Reached skill level 9 in Fighting
  5774 | D:8      | Noticed a +0 hand axe
  5775 | D:8      | Found a hide-covered altar of Uskayaw.
  5776 | D:8      | Noticed a +0 dagger
  6001 | D:8      | Found a sparkling altar of Nemelex Xobeh.
  6023 | D:8      | Reached *** piety under Okawaru
  6036 | D:8      | Noticed a death yak
  6036 | D:8      | Noticed a death yak
  6046 | D:8      | Noticed a death yak
  6057 | D:8      | Killed a death yak
  6057 | D:8      | Reached XP level 10. HP: 34/67 MP: 10/10
  6057 | D:8      | Killed a death yak
  6057 | D:8      | Reached **** piety under Okawaru
  6057 | D:8      | Reached skill level 10 in Fighting
  6065 | D:8      | Killed a death yak
  6067 | D:8      | Found a staircase to the Lair.
  6305 | D:8      | Reached ***** piety under Okawaru
  6365 | D:8      | Found a glowing golden altar of the Shining One.
  6368 | D:8      | Found a basalt altar of Yredelemnul.
  6370 | D:8      | Noticed a profane servitor
  6386 | D:8      | Noticed an angel
  6768 | D:9      | Found Ususiolo's Book Emporium.
  6915 | D:9      | Found a staircase to the Orcish Mines.
  7053 | D:9      | Noticed Erolcha
  7061 | D:9      | Killed Erolcha
  7061 | D:9      | Reached skill level 1 in Invocations
  7252 | D:9      | Reached XP level 11. HP: 68/73 MP: 12/12
  7627 | D:10     | Entered Level 10 of the Dungeon
  7745 | D:10     | Found a shadowy altar of Dithmenos.
  8348 | D:11     | Noticed a red ugly thing
  8357 | D:11     | Killed a red ugly thing
  8358 | D:11     | Reached skill level 11 in Fighting
  8367 | D:11     | Reached ****** piety under Okawaru
  8367 | D:11     | Received a gift from Okawaru
  8389 | D:11     | Noticed a four-headed hydra
  8547 | D:10     | HP: 3/74 [14-headed hydra (1)]
  8548 | D:10     | Slain by a 14-headed hydra

Levels and vault maps discovered:
D:1:      co_arrival_random_square_maze, layout_rooms, kennysheep_nondescript
D:2:      layout_loops_ring, lemuel_doored_altar, lemuel_coloured_pillars_altar,
          first_ration, nicolae_ru_great_annihilating_truth, uniq_jessica
D:3:      layout_rooms, lemuel_crystal_altar, gup_sewer_entry_spiral, tso_altar,
          uniq_crazy_yiuf_cottage
D:4:      layout_cave_pods, lemuel_crystal_altar, lemuel_round_altar,
          uniq_sigmund
D:5:      layout_loops_cross, kennysheep_little_box, serial_shops,
          nicolae_shop_trees, kennysheep_mini, shop, water_maze_lemuel,
          uniq_duvessa
D:6:      layout_rooms, vehumet_altar_wand_db
D:7:      layout_basic, led_sif_pool, overflow_temple_1_default,
          minmay_temple_entry_glassed_door, st_stairs_13, uniq_joseph
D:8:      layout_basic, grunt_temple_overflow_holy_war, lemuel_crystal_altar,
          dancing_weapons_uskayaw, dpeg_lair_monsters
D:9:      layout_gridville, orc_0_dummy, serial_shops, shop, uniq_erolcha
D:10:     layout_irregular_city, nicolae_dithmenos_the_darkroom
D:11:     layout_cave_pools, hangedman_pestilent_swarm

Skill      XL: |  1  2  3  4  5  6  7  8  9 10 11 |
---------------+----------------------------------+-----
Fighting       | 4 5 6 7 9 10 11 | 11.0
Maces & Flails | 3 4 |  4.0
Shields        | 4 5 7 8 |  8.7
Armour         | 4 5 7 8 |  8.7
Axes           | 1 3 4 6 8 |  8.9
Invocations    | 1 3 |  3.5

Action                   |  1- 3 |  4- 6 |  7- 9 | 10-12 || total
-------------------------+-------+-------+-------+-------++-------
Melee: Flail             |    97 |   179 |       |       ||   276
       War axe           |       |    23 |   209 |   185 ||   417
Invok: Heroism           |       |       |       |     2 ||     2
Evoke: Wand              |       |       |       |     1 ||     1
  Use: Scroll            |       |     8 |     1 |     2 ||    11
       Potion            |       |     1 |     4 |       ||     5
 Stab: Paralysed         |     1 |       |       |       ||     1
  Eat: Chunk             |       |     7 |    10 |     9 ||    26
Armor: Scale mail        |    54 |   133 |       |       ||   187
       Chain mail        |       |     2 |    51 |       ||    53
       Plate armour      |       |       |    45 |   129 ||   174
Dodge: Dodged            |    46 |    83 |    51 |    22 ||   202
Block: Shield            |    72 |   114 |    83 |    99 ||   368
